 Dungeon Crawl Stone Soup version 0.24.1 (webtiles) character file.

Game seed: 480645994211877329, levelgen mode: deterministic

2030 Descartes the Magician (level 9, -5/45 HPs)
             Began as a Deep Elf Air Elementalist on Apr 2, 2020.
             Was a Believer of Dithmenos.
             Slain by an orc warrior
             ... wielding a +1 trident of holy wrath
              (15 damage)
             ... on level 7 of the Dungeon.
             The game lasted 00:23:48 (8239 turns).

Descartes the Magician (Deep Elf Air Elementalist)  Turns: 8239, Time: 00:23:49

Health: -5/45      AC:  3    Str:  5    XL:     9   Next: 3%
Magic:  0/21       EV: 16    Int: 24    God:    Dithmenos [**....]
Gold:   346        SH:  0    Dex: 15    Spells: 17/22 levels left

rFire    . . .     SeeInvis +   I - +2 long sword (slice)
rCold    . . .     Gourm    .   (no shield)
rNeg     + . .     Faith    .   a - +0 robe
rPois    .         Spirit   +   E - +0 helmet of Weirdness {SInv}
rElec    .         Reflect  .   (no cloak)
rCorr    .         Harm     .   (no gloves)
MR       .....                  (no boots)
Stlth    ++++++....             h - amulet of guardian spirit
HPRegen  0.15/turn              n - ring of positive energy
MPRegen  0.17/turn              C - ring of stealth

@: about to teleport, wreathed by umbra
A: mutation resistance 2, MP-powered wands
a: Shadow Step, Renounce Religion


You were on level 7 of the Dungeon.
You worshipped Dithmenos.
Dithmenos was pleased with you.
You were hungry.

You visited 2 branches of the dungeon, and saw 8 of its levels.

You collected 346 gold pieces.

Inventory:

Hand Weapons
 f - a +0 hunting sling of flaming
 u - a +0 quarterstaff
 x - a +0 whip of electrocution
 I - a +2 long sword of slicing (weapon)
Missiles
 p - 225 stones (quivered)
 v - 14 sling bullets
 y - 115 arrows
 D - 6 boomerangs
 G - 33 bolts
Armour
 a - a +0 robe (worn)
 w - a +1 ring mail of fire resistance
 E - the +0 helmet of Weirdness (worn) {SInv}
   (You found it on level 6 of the Dungeon)

   It lets you see invisible.
 J - a +0 shield
Jewellery
 h - an amulet of guardian spirit (around neck)
 n - a ring of positive energy (left hand)
 s - an uncursed ring of positive energy
 C - a ring of stealth (right hand)
 L - a +4 ring of intelligence {unknown}
Wands
 i - a wand of iceblast (5)
Scrolls
 b - a scroll of enchant weapon {unknown}
 d - 6 scrolls of remove curse
 e - 2 scrolls of teleportation
 j - a scroll of random uselessness {unknown}
 k - 2 scrolls of magic mapping {unknown}
 m - a scroll of amnesia
 o - a scroll of enchant armour {unknown}
 r - a scroll of fear {unknown}
 z - a scroll of blinking {unknown}
 A - a scroll of identify
 H - a scroll of immolation {unknown}
Potions
 g - 3 potions of brilliance
 l - 2 potions of might
 q - a potion of heal wounds {unknown}
 t - 3 potions of haste
 B - 3 potions of berserk rage
 F - a potion of flight {unknown}
Comestibles
 c - 13 rations


   Skills:
 + Level 6.2 Dodging
 + Level 7.0 Stealth
 + Level 7.1 Spellcasting
 + Level 5.4 Conjurations
 + Level 5.7 Air Magic
 + Level 4.2 Invocations


You had 17 spell levels left.
You knew the following spells:

 Your Spells              Type           Power        Failure   Level  Hunger
a - Shock                 Conj/Air       ####         1%          1    None
b - Airstrike             Air            #####.....   7%          4    ###....

Your spell library contained the following spells:

 Spells                   Type           Power        Failure   Level  Hunger
 Static Discharge         Conj/Air       #####...     2%          3    None
 Swiftness                Chrm/Air       ###.....     3%          2    None
 Lightning Bolt           Conj/Air       #####.....   21%         5    #####..


Dungeon Overview and Level Annotations

Branches:
Dungeon (7/15)             Temple (1/1) D:4

Altars:
Ashenzari
Cheibriados
Dithmenos
Elyvilon
Fedhas
Gozag
Hepliaklqana
Makhleb
Nemelex Xobeh
Okawaru
Qazlal
Ru
Sif Muna
Trog
Uskayaw
Vehumet
Wu Jian
Xom
Yredelemnul
Zin
The Shining One

Shops:
D:4 *   D:6 }


Innate Abilities, Weirdness & Mutations

You are somewhat resistant to both further mutation and mutation removal.
You expend magic power (3 MP) to strengthen your wands.


Message History

Press: ? - help, Shift-Dir - straight line The zap hits the orc warrior.
The orc warrior is severely wounded.
A troll comes into view.
The orc warrior hits you from afar with a +1 trident of holy wrath!
Casting: Shock (safe; 1% risk of failure)
Confirm with . or Enter, or press ? or * to list all spells.
Aiming: Shock (safe; 1% risk of failure)
Press: ? - help, Shift-Dir - straight line The zap hits the orc warrior.
The orc warrior is severely wounded.
The troll shouts!
The orc warrior hits you from afar with a +1 trident of holy wrath!!
* * * LOW HITPOINT WARNING * * *
There is an open door here.
Okay, then.
As you read the scroll of teleportation, it crumbles to dust.
You feel strangely unstable.
The orc warrior hits you from afar with a +1 trident of holy wrath!
You die...

#.#.########.#.# ..#.#........#.#
..#.....#### #.# ### ... ...
..#........# #.# #.###...# #..
..#........###.###...###..# #>###
..#.............#......#...##...#
..#........###<##..#..###...#...#
..#....>...# ###..)...'.###.....+
...........# #.#@#...##...#...###
...........###...###.#.[.##....##
....#########..o...#####.).......
....## #T.#.....# ###....)..
.....# #...###..## ###.....
.....# #..## ..# ###..# .....#
.... .## #### .....########.. # #
.....##....####. #


You could see a troll and an orc warrior.

Vanquished Creatures
  A sky beast (D:6)
  A necrophage (D:5)
  2 phantoms
  2 centaurs
  Blork the orc (D:5)
  2 bullfrogs
  3 scorpions
  2 killer bees (D:7)
  3 howler monkeys
  A crimson imp (D:7)
  3 jellies (D:5)
  5 orc priests
  A bullfrog skeleton (D:7)
  2 hounds
  6 orc wizards
  Terence (D:2)
  An iguana (D:6)
  5 worker ants
  4 gnolls (D:4)
  10 adders
  A shadow imp (D:5)
  An ooze (D:3)
  2 worms (D:3)
  4 dart slugs
  4 leopard geckos
  26 orcs
  6 giant cockroaches
  7 goblins
  6 hobgoblins
  4 jackals (D:5)
  2 quokkas
  9 bats
  5 frilled lizards
  A jackal skeleton (D:4)
  7 kobolds
  A leopard gecko skeleton (D:6)
  A leopard gecko zombie (D:7)
  10 rats
153 creatures vanquished.

Notes
Turn   | Place    | Note
-------+----------+-------------------------------------------
     0 | D:1      | Descartes the Deep Elf Air Elementalist began the quest for
                  | the Orb.
     0 | D:1      | Reached XP level 1. HP: 10/10 MP: 6/6
   205 | D:1      | Reached XP level 2. HP: 15/15 MP: 2/8
   942 | D:2      | Reached XP level 3. HP: 19/19 MP: 3/9
  1190 | D:2      | Noticed a bullfrog
  1200 | D:2      | Killed a bullfrog
  1200 | D:2      | Reached XP level 4. HP: 14/24 MP: 3/11
  1645 | D:2      | Noticed Terence
  1663 | D:2      | Killed Terence
  1873 | D:2      | Found a sacrificial altar of Ru.
  1908 | D:3      | Reached XP level 5. HP: 28/28 MP: 10/13
  2410 | D:3      | Gained mutation: You are somewhat resistant to further
                  | mutation. [potion of mutation]
  2410 | D:3      | Gained mutation: You are somewhat resistant to both further
                  | mutation and mutation removal. [potion of mutation]
  2459 | D:3      | Found a shadowy altar of Dithmenos.
  2469 | D:3      | Became a worshipper of Dithmenos the Shadowed
  2822 | D:3      | Found a stormy altar of Qazlal.
  2947 | D:3      | Reached XP level 6. HP: 21/32 MP: 4/14
  3103 | D:3      | Noticed a moth of wrath
  3105 | D:3      | Found a bloodstained altar of Trog.
  3495 | D:3      | Reached * piety under Dithmenos
  3508 | D:3      | Found an iron altar of Okawaru.
  3741 | D:4      | Found a glowing golden altar of the Shining One.
  3833 | D:4      | Found Vinotue's Lightly-Used Armoury.
  3922 | D:4      | Reached skill level 5 in Spellcasting
  3922 | D:4      | Reached skill level 1 in Invocations
  4024 | D:4      | Found a staircase to the Ecumenical Temple.
  4033 | Temple   | Entered the Ecumenical Temple
  4578 | D:4      | Found a hazy altar of Hepliaklqana.
  4656 | D:5      | Entered Level 5 of the Dungeon
  4656 | D:5      | Noticed Blork the orc
  4746 | D:4      | Reached skill level 5 in Stealth
  4746 | D:4      | Reached XP level 7. HP: 36/36 MP: 11/16
  5104 | D:5      | Killed Blork the orc
  5441 | D:5      | Reached skill level 5 in Dodging
  5541 | D:5      | Found a radiant altar of Vehumet.
  5841 | D:5      | Reached XP level 8. HP: 41/41 MP: 10/19
  6008 | D:5      | Found a burning altar of Makhleb.
  6048 | D:5      | Reached skill level 5 in Air Magic
  6316 | D:6      | Got a translucent helmet
  6319 | D:6      | Found Coqab's Gadget Emporium.
  6325 | D:6      | Identified the +0 helmet of Weirdness {SInv} (You found it
                  | on level 6 of the Dungeon)
  6663 | D:6      | Learned a level 4 spell: Airstrike
  6791 | D:6      | Reached ** piety under Dithmenos
  7096 | D:6      | Found a basalt altar of Yredelemnul.
  7296 | D:7      | Reached skill level 5 in Conjurations
  7630 | D:7      | Gained mutation: You expend magic power (3 MP) to
                  | strengthen your wands. [potion of mutation]
  7984 | D:7      | Reached XP level 9. HP: 35/45 MP: 9/21
  8234 | D:7      | Noticed a troll
  8239 | D:7      | Slain by an orc warrior

Levels and vault maps discovered:
D:1:      dpeg_arrival_tiny_f, layout_loops_cross, minmay_split_cup_large
D:2:      layout_rooms, nicolae_ru_path_of_blood,
          wander_ebering_terrifying_dragon_lair, uniq_terence
D:3:      layout_basic, nicolae_qazlal_general_emergency,
          grunt_dithmenos_smoke_and_mirrors, lemuel_coloured_pillars_altar,
          minmay_tree_intersection, nrook_loot_triangle, tgw_trog
D:4:      layout_gridville, old_standard_altar, kennysheep_little_box,
          minmay_temple_entry_poolview, serial_glass, glass_columns_c,
          glass_columns_a, first_ration, minmay_shop_damaged
D:5:      layout_cave_pools, lemuel_round_altar, lemuel_crystal_altar,
          uniq_blork_the_orc
D:6:      layout_basic, kennysheep_mini, serial_shops, shop
D:7:      minmay_slanted_spiral_squares, layout_basic
Temple:   minmay_temple_forest_path

Skill      XL: |  1  2  3  4  5  6  7  8 |
---------------+-------------------------+-----
Stealth        | 3 4 5 7 |  7.0
Dodging        | 3 4 5 6 |  6.2
Conjurations   | 2 3 4 5 |  5.4
Spellcasting   | 4 5 6 7 |  7.1
Air Magic      | 4 5 |  5.7
Invocations    | 1 2 4 |  4.2

Action                   |  1- 3 |  4- 6 |  7- 9 || total
-------------------------+-------+-------+-------++-------
Melee: Whip              |       |    15 |     5 ||    20
 Cast: Shock             |    51 |   165 |   201 ||   417
       Airstrike         |       |       |     7 ||     7
  Use: Scroll            |       |     7 |     4 ||    11
       Potion            |       |     1 |     7 ||     8
  Eat: Chunk             |     1 |    10 |     4 ||    15
       Ration            |       |       |     2 ||     2
Armor: Robe              |     2 |     6 |     6 ||    14
Dodge: Dodged            |     4 |    33 |    66 ||   103
       Rpst.: Long sword |       |       |     6 ||     6
